AoeStats
← oemer43k

Highland

506409642Analyzed
3v3 RM · 20d ago on Sep 13, 2026· 85m 53s· 6 players
Game mode
Random Map
Map size
Normal (6 player)
Population
200
Speed
Normal
Resources
Standard
Victory
Conquest
Starting age
Dark Age
Ending age
Imperial Age
RankedLock teamsTeams togetherTeam positionsShared explorationLock speedFull tech treeHidden civsTurbo modeCheats
Victory
Defeat
🇵🇱 Turks · Poland
674
+18
🇹🇷 Franks · Türkiye
669
+18
🇩🇪 Persians · Germany
620
+20
🇩🇪 Persians · Germany
753
-20
🇺🇸 Spanish · United States
738
-19
🇲🇽 Dravidians · Mexico
669
-17
Ultimate
2:41 Loom
13:54 Feudal Age
14:27 Double-Bit Axe
15:27 Wheelbarrow
14:37 Town Watch
16:37 Fishing Lines
18:39 Gold Mining
18:39 Stone Mining
26:56 Castle Age
25:47 Scale Mail Armor
25:57 Forging
25:50 Padded Archer Armor
25:40 Fletching
26:01 Forging
25:51 Scale Mail Armor
27:50 Bow Saw
28:05 Medium Warships
28:04 Gillnets
28:23 Husbandry
27:44 Light Cavalry
29:36 Gold Shaft Mining
31:05 Hand Cart
30:51 Town Patrol
31:22 Caravan
31:52 Coinage
34:03 Coinage
34:06 Pikeman
34:46 Squires
34:32 Arson
39:17 Leather Archer Armor
39:57 Bodkin Arrow
52:59 #83
55:56 Imperial Age
57:31 Chain Mail Armor
57:52 Iron Casting
57:22 Scale Barding Armor
64:11 Imperial Age
62:52 Chain Barding Armor
62:17 Man-at-Arms
62:43 Gambesons
63:39 Long Swordsman
64:12 Halberdier
65:36 Banking
64:40 Two-Handed Swordsman
66:47 Plate Mail Armor
67:17 Blast Furnace
66:55 Plate Barding Armor
67:21 Chemistry
66:15 Guard Tower
66:10 Arrowslits
66:36 Fortified Wall
66:35 Siphons
67:03 Ballistics
66:56 Clinker Construction
66:56 Careening
67:32 Champion
splashii
5:33 Loom
13:24 Feudal Age
27:42 Castle Age
25:34 Horse Collar
34:10 Double-Bit Axe
42:50 Bow Saw
42:45 Squires
50:42 Imperial Age
50:46 Heavy Scorpion
52:51 Forging
52:41 Scale Mail Armor
54:03 Two-Man Saw
56:40 Fletching
56:50 Padded Archer Armor
oemer43k
0:44 Loom
12:26 Feudal Age
17:02 Castle Age
16:54 Wheelbarrow
16:53 Double-Bit Axe
16:52 Horse Collar
17:43 Heavy Plow
22:42 Gold Mining
23:23 Town Watch
25:24 Bow Saw
25:08 Stone Mining
26:42 Hand Cart
27:43 Forging
27:35 Scale Mail Armor
27:12 Crossbowman
29:16 Stone Shaft Mining
29:24 Gold Shaft Mining
29:00 Thumb Ring
29:14 Fletching
30:33 Kamandaran
30:45 Town Patrol
31:34 Bodkin Arrow
31:45 Padded Archer Armor
33:10 Iron Casting
32:51 Chain Mail Armor
36:07 Leather Archer Armor
36:06 Squires
37:46 Scale Barding Armor
38:10 Ballistics
39:23 Bloodlines
39:14 Husbandry
41:48 Imperial Age
41:21 Caravan
42:36 Conscription
42:44 Chain Barding Armor
43:25 Blast Furnace
43:36 Elite War Elephant
46:54 Plate Mail Armor
46:55 Ring Archer Armor
53:21 Plate Barding Armor
77:41 Citadels
83:04 Chemistry
82:00 Murder Holes
82:08 Spies/Treason
Chilies
13:22 Feudal Age
15:49 Horse Collar
18:56 Castle Age
21:18 Double-Bit Axe
22:11 Loom
23:34 Wheelbarrow
26:18 Heavy Plow
27:00 Caravan
30:54 Hand Cart
31:42 Stone Mining
31:43 Gold Mining
32:26 Ballistics
33:54 Fletching
34:04 Padded Archer Armor
39:20 Imperial Age
39:43 Bodkin Arrow
40:03 Leather Archer Armor
41:18 Chemistry
40:45 Supremacy
41:03 Bracer
41:18 Masonry
41:37 Husbandry
41:48 Bloodlines
43:13 Elite Conquistador
44:37 Ring Archer Armor
54:01 Scale Barding Armor
60:53 Murder Holes
61:29 Architecture
62:44 Chain Barding Armor
62:36 Forging
63:46 Supremacy
63:27 Onager
74:04 Theocracy
74:59 Redemption
75:02 Fervor
75:13 Sanctity
75:20 Illumination
75:11 Block Printing
74:53 Herbal Medicine
74:59 Atonement
74:59 Devotion
75:19 Heresy
78:02 Faith
davidquiroz302
11:11 Feudal Age
10:39 Loom
16:53 Double-Bit Axe
23:11 Castle Age
22:33 Horse Collar
24:33 Scale Barding Armor
27:10 Bow Saw
30:46 Wheelbarrow
32:54 Scale Mail Armor
33:14 Chain Barding Armor
33:00 Husbandry
35:32 Forging
36:06 Hand Cart
36:15 Heavy Plow
36:38 Gold Mining
38:13 Ballistics
42:19 Imperial Age
41:50 Light Cavalry
43:32 Stone Mining
43:54 Masonry
43:40 Murder Holes
44:48 Chemistry
44:01 Caravan
43:35 Elite Elephant Archer
45:44 Fortified Wall
47:07 Conscription
48:53 Two-Man Saw
49:43 Hoardings
49:54 Hoardings
49:31 Medical Corps
50:17 Thumb Ring
50:11 Fletching
50:22 Padded Archer Armor
52:55 Bodkin Arrow
53:15 Leather Archer Armor
53:36 Iron Casting
53:01 Scale Mail Armor
55:02 Bracer
56:31 Hoardings
55:59 Elite Cannon Galleon
58:52 Elite Urumi Swordsman
59:53 Wootz Steel
64:47 Sanctity
68:21 Block Printing
68:48 Theocracy
Biermeier
0:29 Loom
10:50 Feudal Age
13:03 Double-Bit Axe
22:35 Castle Age
20:40 Horse Collar
25:23 Bow Saw
27:55 Imperial Age
24:51 Crossbowman
26:48 Padded Archer Armor
29:13 Kamandaran
30:02 Heavy Plow
31:08 Thumb Ring
38:51 Chemistry
39:09 Fletching
44:56 Elite War Elephant
46:25 Wheelbarrow
47:09 Leather Archer Armor
55:04 Pikeman
58:10 Scale Mail Armor
57:56 Halberdier
Connection lost

Rejoining the realm…

Still unreachable

The connection could not be restored.

Session expired

The server has moved on; the page needs a fresh start.